Blues vs Rangers

Created - 28 février 2020 at 08:17

Goals
1 2 3 T
Blues 0 2 0 2
Rangers 1 4 0 5
Shots
1 2 3 T
Blues 10 14 14 38
Rangers 11 16 15 42

1st period

1. Rangers , Jason Zucker 18 (Nazem Kadri 38) at 15:16

Penalties :
No Penalty

2nd period

2. Rangers , Matt Duchene 27 (Brayden Schenn 27) at 0:37 (PP)
3. Rangers , Jason Zucker 19 (Pierre-Edouard Bellemare 8) at 6:12
4. Blues , Ryan Reaves 4 (Jeremy Bracco 10, Nic Hague 2) at 7:10
5. Rangers , Vinnie Hinostroza 15 (Adam Pelech 6) at 16:26
6. Rangers , Matt Duchene 28 (Brayden Schenn 28, Kyle Connor 36) at 17:08 (PP)
7. Blues , Cody Eakin 20 (Colin White 38) at 17:24

Penalties :
Matt Benning (STL) for Holding (Minor) at 0:22, Adam Fox (STL) for Delaying the game (Minor) at 8:30, Anthony Cirelli (STL) for Holding (Minor) at 16:50

3rd period

No Goal

Penalties :
Justin Williams (NYR) for Holding (Minor) at 15:32

Goalie Stats

Jonathan Quick (STL), 37 saves from 42 shots - (0,881), L, 19-25-5, 60:00 minutes
Philipp Grubauer (NYR), 36 saves from 38 shots - (0,947), W, 26-11-9, 60:00 minutes

Players Stats for Blues

Player Name              G  A  P  +/- PIM S  H  SB GA TA FO     MP     PP MP  PK MP  
------------------------------------------------------------------------------------
Adam Fox                 0  0  0  -1  2   2  2  3  0  1  0/0    17:17   0:40   0:00 
Alex Dostie              0  0  0   0  0   0  0  0  0  0  0/0     2:09   0:00   0:00 
Anthony Cirelli          0  0  0   0  2   3  4  0  2  0  14/23  25:01   1:16   1:11 
Brendan Smith            0  0  0   0  0   0  0  0  0  0  0/0    11:46   0:00   0:00 
Cody Eakin               1  0  1   0  0   5  1  0  2  0  1/4    21:22   1:16   1:29 
Colin White              0  1  1   0  0   6  1  1  1  2  1/1    20:20   1:16   0:27 
Corey Perry              0  0  0  -2  0   2  3  0  1  0  0/0    18:09   0:43   0:27 
Curtis Lazar             0  0  0   0  0   1  0  0  0  0  0/1     6:54   0:00   0:47 
David Schlemko           0  0  0   0  0   2  0  1  0  1  0/0    24:22   1:19   1:35 
Denis Malgin             0  0  0   0  0   0  0  0  0  0  0/1     6:20   0:00   0:07 
Dominik Simon            0  0  0   1  0   5  1  0  1  0  1/6    13:40   0:00   0:00 
Jeremy Bracco            0  1  1   1  0   1  1  2  0  0  0/0    13:40   0:00   0:00 
Jordan Oesterle          0  0  0   0  0   1  2  2  0  0  0/0    24:22   1:19   1:35 
MacKenzie Weegar         0  0  0   0  0   0  0  0  0  0  0/0     6:07   0:00   0:24 
Matt Benning             0  0  0  -1  2   3  1  1  0  0  0/0    18:08   0:40   0:57 
Matt Martin              0  0  0  -2  0   1  2  0  0  0  2/3    17:42   0:43   0:00 
Melker Karlsson          0  0  0  -2  0   3  0  0  1  1  10/19  18:24   0:43   0:36 
Nic Hague                0  1  1   0  0   1  0  1  0  1  0/0    12:19   0:00   0:33 
Ryan Reaves              1  0  1   1  0   2  2  0  0  0  1/1    13:40   0:00   0:00 
Ryan Sproul              0  0  0   0  0   0  0  0  0  0  0/0     5:43   0:00   0:00 

Players Stats for Rangers

Player Name              G  A  P  +/- PIM S  H  SB GA TA FO     MP     PP MP  PK MP  
------------------------------------------------------------------------------------
Adam Pelech              0  1  1   1  0   1  3  1  0  1  0/0    15:25   0:00   0:00 
Ben Harpur               0  0  0   0  0   0  1  0  0  0  0/0     7:07   0:00   1:20 
Brayden Schenn           0  2  2  -1  0   2  3  0  2  0  1/1    20:38   1:43   0:48 
Caleb Jones              0  0  0   1  0   1  0  0  0  0  0/0    13:30   1:41   0:00 
Dan Girardi              0  0  0   1  0   2  2  0  0  1  0/0    17:58   0:51   1:20 
Erik Karlsson            0  0  0  -1  0   2  3  2  1  0  0/0    24:01   1:41   0:00 
Jason Spezza             0  0  0   0  0   0  1  0  0  0  1/1     7:43   0:00   0:00 
Jason Zucker             2  0  2   2  0   5  1  0  0  0  5/5    18:00   0:49   0:00 
Johan Larsson            0  0  0   0  0   4  0  1  0  1  1/2     8:52   0:00   1:09 
Justin Williams          0  0  0   2  2   2  2  0  0  1  0/2    18:00   0:49   0:00 
Kyle Connor              0  1  1  -1  0   1  0  0  1  1  2/4    19:53   1:43   0:02 
Matt Duchene             2  0  2  -1  0   5  0  0  1  0  12/26  19:50   1:43   0:00 
Matt Niskanen            0  0  0  -1  0   1  1  2  0  2  0/0    22:46   0:00   0:39 
Nazem Kadri              0  1  1   2  0   5  0  0  0  0  6/14   18:00   0:49   0:00 
Oskar Sundqvist          0  0  0   0  0   0  1  0  1  0  0/0    13:36   0:00   1:09 
Pierre-Edouard Bellemare 0  1  1   0  0   0  0  0  0  0  0/0     8:31   0:00   0:48 
Ron Hainsey              0  0  0   1  0   0  0  0  0  0  0/0    19:13   0:51   0:39 
Tyler Bozak              0  0  0   0  0   4  0  0  0  1  1/3    12:27   0:00   0:00 
Vinnie Hinostroza        1  0  1   0  0   7  1  0  0  0  0/1    12:30   0:00   0:02 

3 Stars

1 - Jason Zucker (NYR)
2 - Philipp Grubauer (NYR)
3 - Matt Duchene (NYR)

Power Play

Blues - 0 on 1 Attempt(s) - 0,00%
Rangers - 2 on 3 Attempt(s) - 66,67%

Penalty Kill

Blues - 1 on 3 Attempt(s) - 33,33% - Score 0 goal in Penalty Kill
Rangers - 1 on 1 Attempt(s) - 100,00% - Score 0 goal in Penalty Kill

Team Stat

Blues - Hits : 20 - Faceoff Wins : 30 - Blocked Shots : 11 - Penalty Minutes : 6
Rangers - Hits : 19 - Faceoff Wins : 29 - Blocked Shots : 6 - Penalty Minutes : 2

Official

Referees : Evgeny Romasko and Mark Lemelin
Linesman : Steve Miller and Shane Heyer

Game Notes

No Game Note

Finance

Level 1 -- Attendance: 5058 (84,30%) -- Ticket Income 505 800 $
Level 2 -- Attendance: 5000 (100,00%) -- Ticket Income 300 000 $
Level 3 -- Attendance: 2000 (100,00%) -- Ticket Income 70 000 $
Level 4 -- Attendance: 3848 (96,20%) -- Ticket Income 76 960 $
Luxury Box -- Attendance: 792 (79,20%) -- Ticket Income 158 400 $
Game was played at the Blue Shirt Stadium.
Total Attendance: 16698 (92,77%)
Total Ticket Income: 1 111 160 $
Other Income: 544 468 $
Total Income: 1 655 628 $

Blues

5 vs 5 Forward 
   Center                   Left Wing                Right Wing               Time % Phy DF OF 
 1 Anthony Cirelli          Cody Eakin               Colin White              40     1   2  2  
 2 Melker Karlsson          Matt Martin              Corey Perry              30     1   2  2  
 3 Dominik Simon            Ryan Reaves              Jeremy Bracco            20     1   2  2  
 4 Denis Malgin             Anthony Cirelli          Curtis Lazar             10     1   2  2  

5 vs 5 Defense 
   Defense                  Defense                                           Time % Phy DF OF 
 1 David Schlemko           Jordan Oesterle                                   40     1   2  2  
 2 Matt Benning             Adam Fox                                          30     1   2  2  
 3 Brendan Smith            Nic Hague                                         20     1   2  2  
 4 MacKenzie Weegar         Ryan Sproul                                       10     1   2  2  

PowerPlay Forward 
   Center                   Left Wing                Right Wing               Time % Phy DF OF 
 1 Anthony Cirelli          Cody Eakin               Colin White              60     1   2  2  
 2 Melker Karlsson          Matt Martin              Corey Perry              40     1   2  2  

PowerPlay Defense
   Defense                  Defense                                           Time % Phy DF OF 
 1 David Schlemko           Jordan Oesterle                                   60     1   2  2  
 2 Matt Benning             Adam Fox                                          40     1   2  2  

Penalty Kill 4 Players Forward 
   Center                   Wing                     Time % Phy DF OF 
 1 Anthony Cirelli          Cody Eakin               60     1   2  2  
 2 Colin White              Corey Perry              40     1   2  2  

Penalty Kill 4 Players Defense
   Defense                  Defense                  Time % Phy DF OF 
 1 David Schlemko           Jordan Oesterle          60     1   2  2  
 2 Matt Benning             Adam Fox                 40     1   2  2  

Penalty Kill - 3 Players Forward 
   Forward                                           Time % Phy DF OF 
 1 Anthony Cirelli                                   60     1   2  2  
 2 Cody Eakin                                        40     1   2  2  

Penalty Kill - 3 Players Defense
   Defense                  Defense                  Time % Phy DF OF 
 1 David Schlemko           Jordan Oesterle          60     1   2  2  
 2 Matt Benning             Adam Fox                 40     1   2  2  

4 vs 4 Forward 
   Center                   Wing                     Time % Phy DF OF 
 1 Anthony Cirelli          Cody Eakin               60     1   2  2  
 2 Colin White              Corey Perry              40     1   2  2  

4 vs 4 Defense
   Defense                  Defense                  Time % Phy DF OF 
 1 David Schlemko           Jordan Oesterle          60     1   2  2  
 2 Matt Benning             Adam Fox                 40     1   2  2  

Last Minutes Offensive
   Center                   Left Wing                Right Wing               Defense                  Defense                  
   Anthony Cirelli          Cody Eakin               Colin White              David Schlemko           Jordan Oesterle          

Last Minutes Defensive
   Center                   Left Wing                Right Wing               Defense                  Defense                  
   Anthony Cirelli          Cody Eakin               Colin White              David Schlemko           Jordan Oesterle          

Goaltenders
Starting : Jonathan Quick           
Backup : Tom McCollum             

Extra Forwards
Normal : Alex Dostie, Jeremy Bracco, Curtis Lazar - PP : Alex Dostie, Jeremy Bracco - PK : Curtis Lazar
Extra Defensemen
Normal : Brendan Smith, Nic Hague, MacKenzie Weegar - PP : Brendan Smith - PK : Nic Hague, MacKenzie Weegar
Penalty Shots
Anthony Cirelli, Cody Eakin, Colin White, Corey Perry, Jeremy Bracco
Custom OT Lines Forwards
Anthony Cirelli, Cody Eakin, Colin White, Corey Perry, Jeremy Bracco, Melker Karlsson, Curtis Lazar, Matt Martin, Dominik Simon, Denis Malgin
Custom OT Lines Defensemen
David Schlemko, Jordan Oesterle, Matt Benning, Adam Fox, Brendan Smith

Scratches
Jason Demers (Healthy), Michael Frolik (Suspend)

Rangers

5 vs 5 Forward 
   Center                   Left Wing                Right Wing               Time % Phy DF OF 
 1 Matt Duchene             Kyle Connor              Brayden Schenn           35     0   1  4  
 2 Nazem Kadri              Jason Zucker             Justin Williams          32     0   2  3  
 3 Tyler Bozak              Oskar Sundqvist          Vinnie Hinostroza        23     0   2  3  
 4 Jason Spezza             Johan Larsson            Pierre-Edouard Bellemare 10     0   4  1  

5 vs 5 Defense 
   Defense                  Defense                                           Time % Phy DF OF 
 1 Erik Karlsson            Matt Niskanen                                     40     1   2  2  
 2 Dan Girardi              Ron Hainsey                                       29     1   2  2  
 3 Adam Pelech              Caleb Jones                                       20     0   3  2  
 4 Adam Pelech              Ben Harpur                                        11     1   2  2  

PowerPlay Forward 
   Center                   Left Wing                Right Wing               Time % Phy DF OF 
 1 Matt Duchene             Kyle Connor              Brayden Schenn           60     0   1  4  
 2 Nazem Kadri              Jason Zucker             Justin Williams          40     0   1  4  

PowerPlay Defense
   Defense                  Defense                                           Time % Phy DF OF 
 1 Erik Karlsson            Caleb Jones                                       60     0   1  4  
 2 Ron Hainsey              Dan Girardi                                       40     0   1  4  

Penalty Kill 4 Players Forward 
   Center                   Wing                     Time % Phy DF OF 
 1 Johan Larsson            Oskar Sundqvist          60     0   5  0  
 2 Tyler Bozak              Pierre-Edouard Bellemare 40     0   5  0  

Penalty Kill 4 Players Defense
   Defense                  Defense                  Time % Phy DF OF 
 1 Matt Niskanen            Ron Hainsey              60     0   5  0  
 2 Ben Harpur               Dan Girardi              40     0   5  0  

Penalty Kill - 3 Players Forward 
   Forward                                           Time % Phy DF OF 
 1 Johan Larsson                                     60     0   5  0  
 2 Oskar Sundqvist                                   40     0   5  0  

Penalty Kill - 3 Players Defense
   Defense                  Defense                  Time % Phy DF OF 
 1 Matt Niskanen            Ron Hainsey              60     0   5  0  
 2 Dan Girardi              Ben Harpur               40     0   5  0  

4 vs 4 Forward 
   Center                   Wing                     Time % Phy DF OF 
 1 Nazem Kadri              Vinnie Hinostroza        60     0   2  3  
 2 Tyler Bozak              Oskar Sundqvist          40     0   2  3  

4 vs 4 Defense
   Defense                  Defense                  Time % Phy DF OF 
 1 Erik Karlsson            Matt Niskanen            60     0   2  3  
 2 Ron Hainsey              Dan Girardi              40     0   2  3  

Last Minutes Offensive
   Center                   Left Wing                Right Wing               Defense                  Defense                  
   Matt Duchene             Kyle Connor              Brayden Schenn           Erik Karlsson            Matt Niskanen            

Last Minutes Defensive
   Center                   Left Wing                Right Wing               Defense                  Defense                  
   Johan Larsson            Pierre-Edouard Bellemare Oskar Sundqvist          Ben Harpur               Ron Hainsey              

Goaltenders
Starting : Philipp Grubauer         
Backup : Alexandar Georgiev       

Extra Forwards
Normal : Nazem Kadri, Jason Zucker, Jason Spezza - PP : Vinnie Hinostroza, Oskar Sundqvist - PK : Pierre-Edouard Bellemare
Extra Defensemen
Normal : Erik Karlsson, Matt Niskanen, Ron Hainsey - PP : Caleb Jones - PK : Ben Harpur, Dan Girardi
Penalty Shots
Kyle Connor, Matt Duchene, Jason Spezza, Caleb Jones, Vinnie Hinostroza
Custom OT Lines Forwards
Matt Duchene, Kyle Connor, Brayden Schenn, Jason Zucker, Nazem Kadri, Justin Williams, Pierre-Edouard Bellemare, Vinnie Hinostroza, Oskar Sundqvist, Tyler Bozak
Custom OT Lines Defensemen
Erik Karlsson, Matt Niskanen, Ron Hainsey, Dan Girardi, Ben Harpur

Scratches
Tyler Graovac (Healthy), Alex Nedeljkovic (Healthy)

% Time on Ice - Blues

Lines # - Real PCT - Wanted PCT - Time Play
Normal Forward
1 - 34% - 40% - 18:43
2 - 31% - 30% - 16:59
3 - 25% - 20% - 13:40
4 - 11% - 10% - 6:07
Normal Defense
1 - 39% - 40% - 21:28
2 - 30% - 30% - 16:32
3 - 21% - 20% - 11:46
4 - 10% - 10% - 5:43
PP Forward
1 - 64% - 60% - 1:16
2 - 36% - 40% - 0:43
PP Defense
1 - 66% - 60% - 1:19
2 - 34% - 40% - 0:40
PK Forward
1 - 82% - 60% - 2:05
2 - 18% - 40% - 0:27
PK Defense
1 - 63% - 60% - 1:35
2 - 38% - 40% - 0:57
PK3 Forward
1 - 0% - 60%
2 - 0% - 40%
PK3 Defense
1 - 0% - 60%
2 - 0% - 40%
44 Forward
1 - 0% - 60%
2 - 0% - 40%
44 Defense
1 - 0% - 60%
2 - 0% - 40%
Last Minute Offensive  - 0:00
Last Minute Defensive  - 0:00
Total
Forward - 60:00
Defense - 60:00

% Time on Ice - Rangers

Lines # - Real PCT - Wanted PCT - Time Play
Normal Forward
1 - 33% - 35% - 18:08
2 - 31% - 32% - 17:11
3 - 22% - 23% - 12:27
4 - 14% - 10% - 7:43
Normal Defense
1 - 40% - 40% - 22:20
2 - 28% - 29% - 15:47
3 - 21% - 20% - 11:36
4 - 10% - 11% - 5:46
PP Forward
1 - 68% - 60% - 1:43
2 - 32% - 40% - 0:49
PP Defense
1 - 66% - 60% - 1:41
2 - 34% - 40% - 0:51
PK Forward
1 - 100% - 60% - 1:59
2 - 0% - 40% - 0:00
PK Defense
1 - 33% - 60% - 0:39
2 - 67% - 40% - 1:20
PK3 Forward
1 - 0% - 60%
2 - 0% - 40%
PK3 Defense
1 - 0% - 60%
2 - 0% - 40%
44 Forward
1 - 0% - 60%
2 - 0% - 40%
44 Defense
1 - 0% - 60%
2 - 0% - 40%
Last Minute Offensive  - 0:00
Last Minute Defensive  - 0:00
Total
Forward - 60:00
Defense - 60:00

Play-by-Play

1st period


0:01 of 1st period - Anthony Cirelli wins face-off versus Matt Duchene in neutral zone.
0:32 of 1st period - Slapshot by Melker Karlsson.
0:32 of 1st period - Shot Misses the Net.
1:08 of 1st period - Matt Benning is hit by Jason Spezza and loses puck.
1:24 of 1st period - Icing by Pierre-Edouard Bellemare.
1:25 of 1st period - Melker Karlsson wins face-off versus Matt Duchene in Rangers zone.
1:50 of 1st period - Slapshot by Nazem Kadri.
1:50 of 1st period - Stopped by Jonathan Quick with a rebound.
2:17 of 1st period - Wrist shot by Vinnie Hinostroza.
2:17 of 1st period - Stopped by Jonathan Quick with a rebound.
2:19 of 1st period - Slapshot by Dan Girardi.
2:19 of 1st period - Stopped by Jonathan Quick without a rebound.
2:20 of 1st period - Anthony Cirelli wins face-off versus Nazem Kadri in Blues zone.
2:45 of 1st period - Caleb Jones is hit by Corey Perry and loses puck.
2:51 of 1st period - Off-side.
2:52 of 1st period - Melker Karlsson wins face-off versus Tyler Bozak in neutral zone.
3:19 of 1st period - Brayden Schenn is hit by Jordan Oesterle and loses puck.
3:48 of 1st period - Colin White is hit by Jason Zucker and loses puck.
4:03 of 1st period - Slapshot by Jason Spezza.
4:03 of 1st period - Shot Misses the Net.
4:05 of 1st period - Snap shot by Johan Larsson.
4:05 of 1st period - Shot Blocked by Matt Benning.
4:07 of 1st period - Slapshot by Adam Pelech.
4:07 of 1st period - Deflect By Adam Fox.
4:07 of 1st period - Stopped by Jonathan Quick with a rebound.
4:47 of 1st period - Snap shot by Colin White.
4:47 of 1st period - Shot Misses the Net.
4:49 of 1st period - Snap shot by Adam Fox.
4:49 of 1st period - Shot Blocked by Adam Pelech.
4:51 of 1st period - Slapshot by Anthony Cirelli.
4:51 of 1st period - Stopped by Philipp Grubauer without a rebound.
4:52 of 1st period - Matt Duchene wins face-off versus Melker Karlsson in Rangers zone.
5:03 of 1st period - Ron Hainsey is hit by Matt Martin.
5:07 of 1st period - Wrist shot by Corey Perry.
5:07 of 1st period - Stopped by Philipp Grubauer with a rebound.
5:50 of 1st period - Jordan Oesterle is hit by Dan Girardi and loses puck.
6:09 of 1st period - Wrist shot by Matt Duchene.
6:09 of 1st period - Stopped by Jonathan Quick with a rebound.
6:11 of 1st period - Slapshot by Ron Hainsey.
6:11 of 1st period - Shot Blocked by Jeremy Bracco.
6:26 of 1st period - Off-side.
6:27 of 1st period - Nazem Kadri wins face-off versus Melker Karlsson in neutral zone.
7:20 of 1st period - Backhand shot by Tyler Bozak.
7:20 of 1st period - Shot Blocked by David Schlemko.
7:40 of 1st period - Slapshot by David Schlemko.
7:40 of 1st period - Shot Misses the Net.
7:52 of 1st period - Corey Perry is hit by Erik Karlsson and loses puck.
7:59 of 1st period - Snap shot by Jason Zucker.
7:59 of 1st period - Stopped by Jonathan Quick with a rebound.
8:03 of 1st period - Snap shot by Nazem Kadri.
8:03 of 1st period - Stopped by Jonathan Quick with a rebound.
8:57 of 1st period - Anthony Cirelli is hit by Ben Harpur and loses puck.
10:38 of 1st period - Slapshot by Jason Spezza.
10:38 of 1st period - Shot Misses the Net.
10:40 of 1st period - Backhand shot by Johan Larsson.
10:40 of 1st period - Stopped by Jonathan Quick without a rebound.
10:41 of 1st period - Melker Karlsson wins face-off versus Matt Duchene in Blues zone.
10:50 of 1st period - Wrist shot by Melker Karlsson.
10:50 of 1st period - Stopped by Philipp Grubauer without a rebound.
10:51 of 1st period - Anthony Cirelli wins face-off versus Kyle Connor in Rangers zone.
10:52 of 1st period - Wrist shot by Colin White.
10:52 of 1st period - Stopped by Philipp Grubauer with a rebound.
11:22 of 1st period - Snap shot by Brayden Schenn.
11:22 of 1st period - Shot Misses the Net.
12:44 of 1st period - Snap shot by Melker Karlsson.
12:44 of 1st period - Stopped by Philipp Grubauer without a rebound.
12:45 of 1st period - Melker Karlsson wins face-off versus Nazem Kadri in Rangers zone.
12:59 of 1st period - Off-side.
13:00 of 1st period - Anthony Cirelli wins face-off versus Vinnie Hinostroza in neutral zone.
13:03 of 1st period - Oskar Sundqvist is hit by Anthony Cirelli and loses puck.
14:10 of 1st period - Erik Karlsson is hit by Anthony Cirelli.
15:16 of 1st period - Wrist shot by Jason Zucker.
15:16 of 1st period - Goal by Jason Zucker - Blues : 0 - Rangers : 1.
15:17 of 1st period - Melker Karlsson wins face-off versus Nazem Kadri in neutral zone.
15:22 of 1st period - Slapshot by Melker Karlsson.
15:22 of 1st period - Shot Blocked by Matt Niskanen.
15:24 of 1st period - Snap shot by Corey Perry.
15:24 of 1st period - Stopped by Philipp Grubauer without a rebound.
15:25 of 1st period - Jason Zucker wins face-off versus Melker Karlsson in Rangers zone.
15:38 of 1st period - Wrist shot by Melker Karlsson.
15:38 of 1st period - Shot Misses the Net.
15:40 of 1st period - Wrist shot by Corey Perry.
15:40 of 1st period - Shot Misses the Net.
16:48 of 1st period - Snap shot by Cody Eakin.
16:48 of 1st period - Stopped by Philipp Grubauer with a rebound.
16:50 of 1st period - Slapshot by Adam Fox.
16:50 of 1st period - Stopped by Philipp Grubauer without a rebound.
16:51 of 1st period - Nazem Kadri wins face-off versus Melker Karlsson in Rangers zone.
17:16 of 1st period - Matt Niskanen is hit by Jeremy Bracco and loses puck.
17:21 of 1st period - Slapshot by Jeremy Bracco.
17:21 of 1st period - Shot Misses the Net.
17:23 of 1st period - Slapshot by Jordan Oesterle.
17:23 of 1st period - Deflect By Erik Karlsson.
17:23 of 1st period - Stopped by Philipp Grubauer without a rebound.
17:24 of 1st period - Matt Duchene wins face-off versus Melker Karlsson in Rangers zone.
17:37 of 1st period - Snap shot by Kyle Connor.
17:37 of 1st period - Stopped by Jonathan Quick without a rebound.
17:38 of 1st period - Dominik Simon wins face-off versus Nazem Kadri in Blues zone.
17:49 of 1st period - Snap shot by Dominik Simon.
17:49 of 1st period - Shot Hit the Post.
17:51 of 1st period - Wrist shot by Jeremy Bracco.
17:51 of 1st period - Shot Blocked by Erik Karlsson.
17:53 of 1st period - Snap shot by Dominik Simon.
17:53 of 1st period - Stopped by Philipp Grubauer without a rebound.
17:54 of 1st period - Anthony Cirelli wins face-off versus Matt Duchene in Rangers zone.
17:55 of 1st period - Wrist shot by Colin White.
17:55 of 1st period - Shot Misses the Net.
18:23 of 1st period - Snap shot by Nazem Kadri.
18:23 of 1st period - Shot Misses the Net.
18:25 of 1st period - Slapshot by Jason Zucker.
18:25 of 1st period - Stopped by Jonathan Quick with a rebound.
18:29 of 1st period - Slapshot by Nazem Kadri.
18:29 of 1st period - Shot Misses the Net.
18:31 of 1st period - Slapshot by Matt Niskanen.
18:31 of 1st period - Shot Misses the Net.
18:33 of 1st period - Slapshot by Matt Niskanen.
18:33 of 1st period - Shot Misses the Net.
19:47 of 1st period - Icing by Brendan Smith.
19:48 of 1st period - Matt Duchene wins face-off versus Dominik Simon in Blues zone.
19:57 of 1st period - Kyle Connor is hit by Ryan Reaves and loses puck.
Goals for this period are 0 for Blues vs 1 for Rangers.
Shots for this period are 10 for Blues vs 11 for Rangers.

2nd period


0:01 of 2nd period - Tyler Bozak wins face-off versus Anthony Cirelli in neutral zone.
0:06 of 2nd period - Wrist shot by Vinnie Hinostroza.
0:06 of 2nd period - Shot Hit the Post.
0:08 of 2nd period - Snap shot by Oskar Sundqvist.
0:08 of 2nd period - Shot Blocked by Adam Fox.
0:10 of 2nd period - Wrist shot by Tyler Bozak.
0:10 of 2nd period - Shot Misses the Net.
0:22 of 2nd period - Minor Penalty to Matt Benning for Holding.
0:23 of 2nd period - Anthony Cirelli wins face-off versus Matt Duchene in Blues zone.
0:32 of 2nd period - Jordan Oesterle is hit by Brayden Schenn and loses puck.
0:37 of 2nd period - Slapshot by Matt Duchene.
0:37 of 2nd period - Goal by Matt Duchene - Blues : 0 - Rangers : 2.
0:38 of 2nd period - Anthony Cirelli wins face-off versus Justin Williams in neutral zone.
0:46 of 2nd period - Jordan Oesterle is hit by Justin Williams and loses puck.
1:03 of 2nd period - David Schlemko is hit by Oskar Sundqvist and loses puck.
1:33 of 2nd period - Slapshot by Cody Eakin.
1:33 of 2nd period - Shot Misses the Net.
1:47 of 2nd period - Oskar Sundqvist is hit by Anthony Cirelli and loses puck.
2:00 of 2nd period - Wrist shot by Cody Eakin.
2:00 of 2nd period - Shot Misses the Net.
2:02 of 2nd period - Slapshot by Colin White.
2:02 of 2nd period - Shot Blocked by Erik Karlsson.
2:04 of 2nd period - Slapshot by David Schlemko.
2:04 of 2nd period - Deflect By Cody Eakin.
2:04 of 2nd period - Stopped by Philipp Grubauer with a rebound.
2:06 of 2nd period - Snap shot by Anthony Cirelli.
2:06 of 2nd period - Shot Misses the Net.
2:08 of 2nd period - Snap shot by Anthony Cirelli.
2:08 of 2nd period - Stopped by Philipp Grubauer without a rebound.
2:09 of 2nd period - Melker Karlsson wins face-off versus Matt Duchene in Rangers zone.
3:22 of 2nd period - Off-side.
3:23 of 2nd period - Ryan Reaves wins face-off versus Nazem Kadri in neutral zone.
3:34 of 2nd period - Snap shot by Dominik Simon.
3:34 of 2nd period - Stopped by Philipp Grubauer without a rebound.
3:35 of 2nd period - Matt Duchene wins face-off versus Melker Karlsson in Rangers zone.
3:49 of 2nd period - Off-side.
3:50 of 2nd period - Nazem Kadri wins face-off versus Anthony Cirelli in neutral zone.
4:05 of 2nd period - Backhand shot by Cody Eakin.
4:05 of 2nd period - Stopped by Philipp Grubauer without a rebound.
4:06 of 2nd period - Matt Duchene wins face-off versus Matt Martin in Rangers zone.
4:19 of 2nd period - Ron Hainsey is hit by Matt Benning and loses puck.
4:32 of 2nd period - Justin Williams is hit by Adam Fox.
4:35 of 2nd period - Off-side.
4:36 of 2nd period - Nazem Kadri wins face-off versus Anthony Cirelli in neutral zone.
5:01 of 2nd period - Wrist shot by Anthony Cirelli.
5:01 of 2nd period - Shot Misses the Net.
5:09 of 2nd period - Snap shot by Nazem Kadri.
5:09 of 2nd period - Stopped by Jonathan Quick without a rebound.
5:10 of 2nd period - Matt Martin wins face-off versus Matt Duchene in Blues zone.
5:35 of 2nd period - Matt Benning is hit by Vinnie Hinostroza and loses puck.
5:56 of 2nd period - Wrist shot by Johan Larsson.
5:56 of 2nd period - Stopped by Jonathan Quick with a rebound.
6:12 of 2nd period - Slapshot by Jason Zucker.
6:12 of 2nd period - Goal by Jason Zucker - Blues : 0 - Rangers : 3.
6:13 of 2nd period - Brayden Schenn wins face-off versus Anthony Cirelli in neutral zone.
7:04 of 2nd period - Snap shot by Jeremy Bracco.
7:04 of 2nd period - Shot Misses the Net.
7:06 of 2nd period - Backhand shot by Nic Hague.
7:06 of 2nd period - Stopped by Philipp Grubauer with a rebound.
7:08 of 2nd period - Snap shot by Jeremy Bracco.
7:08 of 2nd period - Stopped by Philipp Grubauer with a rebound.
7:10 of 2nd period - Snap shot by Ryan Reaves.
7:10 of 2nd period - Goal by Ryan Reaves - Blues : 1 - Rangers : 3.
7:11 of 2nd period - Matt Duchene wins face-off versus Anthony Cirelli in neutral zone.
7:20 of 2nd period - Snap shot by Colin White.
7:20 of 2nd period - Shot Misses the Net.
8:11 of 2nd period - Wrist shot by Dominik Simon.
8:11 of 2nd period - Stopped by Philipp Grubauer without a rebound.
8:12 of 2nd period - Anthony Cirelli wins face-off versus Matt Duchene in Rangers zone.
8:30 of 2nd period - Minor Penalty to Adam Fox for Delaying the game.
8:31 of 2nd period - Kyle Connor wins face-off versus Anthony Cirelli in Blues zone.
8:45 of 2nd period - Snap shot by Matt Duchene.
8:45 of 2nd period - Stopped by Jonathan Quick with a rebound.
10:26 of 2nd period - Ron Hainsey is hit by Jordan Oesterle and loses puck.
10:30 of 2nd period - Penalty to Adam Fox is over, Adam Fox is back on ice.
10:41 of 2nd period - Dominik Simon is hit by Erik Karlsson and loses puck.
11:04 of 2nd period - Icing by Nic Hague.
11:05 of 2nd period - Jason Spezza wins face-off versus Melker Karlsson in Blues zone.
11:08 of 2nd period - Wrist shot by Johan Larsson.
11:08 of 2nd period - Stopped by Jonathan Quick with a rebound.
11:35 of 2nd period - Wrist shot by Nazem Kadri.
11:35 of 2nd period - Stopped by Jonathan Quick with a rebound.
11:45 of 2nd period - Snap shot by Vinnie Hinostroza.
11:45 of 2nd period - Shot Misses the Net.
11:54 of 2nd period - Backhand shot by Vinnie Hinostroza.
11:54 of 2nd period - Stopped by Jonathan Quick without a rebound.
11:55 of 2nd period - Matt Duchene wins face-off versus Denis Malgin in Blues zone.
12:00 of 2nd period - Wrist shot by Kyle Connor.
12:00 of 2nd period - Shot Misses the Net.
12:10 of 2nd period - Slapshot by Erik Karlsson.
12:10 of 2nd period - Stopped by Jonathan Quick with a rebound.
12:22 of 2nd period - Jason Zucker is hit by Corey Perry and loses puck.
12:47 of 2nd period - Slapshot by Tyler Bozak.
12:47 of 2nd period - Stopped by Jonathan Quick with a rebound.
12:49 of 2nd period - Snap shot by Vinnie Hinostroza.
12:49 of 2nd period - Shot Misses the Net.
12:51 of 2nd period - Slapshot by Caleb Jones.
12:51 of 2nd period - Deflect By Vinnie Hinostroza.
12:51 of 2nd period - Shot Misses the Net.
12:51 of 2nd period - Puck is out of play.
12:52 of 2nd period - Anthony Cirelli wins face-off versus Kyle Connor in Blues zone.
13:01 of 2nd period - David Schlemko is hit by Adam Pelech and loses puck.
13:46 of 2nd period - Snap shot by Vinnie Hinostroza.
13:46 of 2nd period - Stopped by Jonathan Quick with a rebound.
14:59 of 2nd period - Slapshot by Tyler Bozak.
14:59 of 2nd period - Shot Misses the Net.
15:19 of 2nd period - Kyle Connor is hit by Anthony Cirelli and loses puck.
15:32 of 2nd period - Wrist shot by Jason Zucker.
15:32 of 2nd period - Shot Misses the Net.
16:26 of 2nd period - Slapshot by Vinnie Hinostroza.
16:26 of 2nd period - Goal by Vinnie Hinostroza - Blues : 1 - Rangers : 4.
16:27 of 2nd period - Matt Duchene wins face-off versus Cody Eakin in neutral zone.
16:50 of 2nd period - Minor Penalty to Anthony Cirelli for Holding.
16:51 of 2nd period - Matt Duchene wins face-off versus Curtis Lazar in Blues zone.
17:04 of 2nd period - Snap shot by Brayden Schenn.
17:04 of 2nd period - Stopped by Jonathan Quick with a rebound.
17:08 of 2nd period - Snap shot by Matt Duchene.
17:08 of 2nd period - Goal by Matt Duchene - Blues : 1 - Rangers : 5.
17:09 of 2nd period - Cody Eakin wins face-off versus Matt Duchene in neutral zone.
17:24 of 2nd period - Slapshot by Cody Eakin.
17:24 of 2nd period - Goal by Cody Eakin - Blues : 2 - Rangers : 5.
17:25 of 2nd period - Nazem Kadri wins face-off versus Cody Eakin in neutral zone.
17:57 of 2nd period - Slapshot by Adam Fox.
17:57 of 2nd period - Stopped by Philipp Grubauer with a rebound.
17:59 of 2nd period - Snap shot by Matt Benning.
17:59 of 2nd period - Stopped by Philipp Grubauer without a rebound.
18:00 of 2nd period - Melker Karlsson wins face-off versus Matt Duchene in Rangers zone.
18:01 of 2nd period - Slapshot by Corey Perry.
18:01 of 2nd period - Shot Misses the Net.
18:25 of 2nd period - Ryan Reaves is hit by Adam Pelech and loses puck.
18:52 of 2nd period - Wrist shot by Dominik Simon.
18:52 of 2nd period - Stopped by Philipp Grubauer with a rebound.
18:54 of 2nd period - Wrist shot by Dominik Simon.
18:54 of 2nd period - Shot Misses the Net.
18:56 of 2nd period - Slapshot by Matt Benning.
18:56 of 2nd period - Stopped by Philipp Grubauer without a rebound.
18:57 of 2nd period - Matt Duchene wins face-off versus Cody Eakin in Rangers zone.
19:04 of 2nd period - Slapshot by Brayden Schenn.
19:04 of 2nd period - Stopped by Jonathan Quick without a rebound.
19:05 of 2nd period - Anthony Cirelli wins face-off versus Matt Duchene in Blues zone.
19:24 of 2nd period - Slapshot by Matt Duchene.
19:24 of 2nd period - Shot Blocked by Jordan Oesterle.
19:26 of 2nd period - Slapshot by Dan Girardi.
19:26 of 2nd period - Stopped by Jonathan Quick with a rebound.
19:36 of 2nd period - Cody Eakin is hit by Dan Girardi and loses puck.
19:41 of 2nd period - Snap shot by Matt Duchene.
19:41 of 2nd period - Shot Blocked by Jordan Oesterle.
19:43 of 2nd period - Snap shot by Brayden Schenn.
19:43 of 2nd period - Deflect By Jordan Oesterle.
19:43 of 2nd period - Shot Blocked by Colin White.
19:43 of 2nd period - Puck is out of play.
19:44 of 2nd period - Melker Karlsson wins face-off versus Nazem Kadri in Blues zone.
19:57 of 2nd period - Snap shot by Matt Martin.
19:57 of 2nd period - Stopped by Philipp Grubauer without a rebound.
19:58 of 2nd period - Nazem Kadri wins face-off versus Dominik Simon in Rangers zone.
19:58 of 2nd period - Nazem Kadri is hit by Dominik Simon.
Goals for this period are 2 for Blues vs 4 for Rangers.
Shots for this period are 14 for Blues vs 16 for Rangers.

3rd period


0:01 of 3rd period - Anthony Cirelli wins face-off versus Nazem Kadri in neutral zone.
0:10 of 3rd period - Snap shot by Jason Zucker.
0:10 of 3rd period - Stopped by Jonathan Quick with a rebound.
1:11 of 3rd period - Slapshot by Denis Malgin.
1:11 of 3rd period - Shot Misses the Net.
1:13 of 3rd period - Snap shot by Anthony Cirelli.
1:13 of 3rd period - Stopped by Philipp Grubauer with a rebound.
1:33 of 3rd period - Snap shot by Jason Zucker.
1:33 of 3rd period - Deflect By Matt Martin.
1:33 of 3rd period - Shot Blocked by Adam Fox.
1:33 of 3rd period - Puck is out of play.
1:34 of 3rd period - Matt Duchene wins face-off versus Anthony Cirelli in Blues zone.
1:45 of 3rd period - Wrist shot by Matt Duchene.
1:45 of 3rd period - Shot Misses the Net.
1:47 of 3rd period - Slapshot by Matt Niskanen.
1:47 of 3rd period - Shot Blocked by Nic Hague.
1:49 of 3rd period - Snap shot by Matt Niskanen.
1:49 of 3rd period - Deflect By Cody Eakin.
1:49 of 3rd period - Stopped by Jonathan Quick without a rebound.
1:50 of 3rd period - Melker Karlsson wins face-off versus Nazem Kadri in Blues zone.
2:01 of 3rd period - Corey Perry is hit by Matt Niskanen and loses puck.
2:16 of 3rd period - Matt Duchene is hit by Adam Fox.
2:20 of 3rd period - Snap shot by Colin White.
2:20 of 3rd period - Deflect By Kyle Connor.
2:20 of 3rd period - Shot Misses the Net.
2:20 of 3rd period - Puck is out of play.
2:21 of 3rd period - Anthony Cirelli wins face-off versus Matt Duchene in Rangers zone.
2:26 of 3rd period - Wrist shot by Colin White.
2:26 of 3rd period - Stopped by Philipp Grubauer with a rebound.
2:28 of 3rd period - Wrist shot by David Schlemko.
2:28 of 3rd period - Stopped by Philipp Grubauer without a rebound.
2:29 of 3rd period - Matt Duchene wins face-off versus Anthony Cirelli in Rangers zone.
2:59 of 3rd period - Off-side.
3:00 of 3rd period - Jason Zucker wins face-off versus Melker Karlsson in neutral zone.
3:00 of 3rd period - Nazem Kadri is hit by Corey Perry.
3:16 of 3rd period - Wrist shot by Nazem Kadri.
3:16 of 3rd period - Deflect By Corey Perry.
3:16 of 3rd period - Shot Misses the Net.
3:16 of 3rd period - Puck is out of play.
3:17 of 3rd period - Colin White wins face-off versus Matt Duchene in Blues zone.
3:17 of 3rd period - Colin White is hit by Erik Karlsson.
3:33 of 3rd period - Snap shot by Kyle Connor.
3:33 of 3rd period - Shot Misses the Net.
3:50 of 3rd period - Wrist shot by Jordan Oesterle.
3:50 of 3rd period - Deflect By Matt Martin.
3:50 of 3rd period - Shot Misses the Net.
3:50 of 3rd period - Puck is out of play.
3:51 of 3rd period - Melker Karlsson wins face-off versus Tyler Bozak in Rangers zone.
4:07 of 3rd period - Slapshot by Adam Fox.
4:07 of 3rd period - Deflect By Melker Karlsson.
4:07 of 3rd period - Stopped by Philipp Grubauer with a rebound.
4:43 of 3rd period - Snap shot by Jeremy Bracco.
4:43 of 3rd period - Shot Blocked by Matt Niskanen.
5:43 of 3rd period - Wrist shot by Colin White.
5:43 of 3rd period - Stopped by Philipp Grubauer with a rebound.
6:07 of 3rd period - Wrist shot by Dominik Simon.
6:07 of 3rd period - Stopped by Philipp Grubauer without a rebound.
6:08 of 3rd period - Jason Zucker wins face-off versus Dominik Simon in Rangers zone.
7:01 of 3rd period - Slapshot by Vinnie Hinostroza.
7:01 of 3rd period - Stopped by Jonathan Quick with a rebound.
7:03 of 3rd period - Slapshot by Erik Karlsson.
7:03 of 3rd period - Deflect By Tyler Bozak.
7:03 of 3rd period - Stopped by Jonathan Quick with a rebound.
7:05 of 3rd period - Wrist shot by Erik Karlsson.
7:05 of 3rd period - Deflect By Corey Perry.
7:05 of 3rd period - Stopped by Jonathan Quick with a rebound.
7:47 of 3rd period - Snap shot by Ryan Reaves.
7:47 of 3rd period - Stopped by Philipp Grubauer with a rebound.
8:53 of 3rd period - Erik Karlsson is hit by Colin White and loses puck.
10:02 of 3rd period - Wrist shot by Johan Larsson.
10:02 of 3rd period - Stopped by Jonathan Quick with a rebound.
10:14 of 3rd period - Justin Williams is hit by Matt Martin and loses puck.
10:48 of 3rd period - Anthony Cirelli is hit by Adam Pelech and loses puck.
11:11 of 3rd period - Jeremy Bracco is hit by Justin Williams and loses puck.
11:58 of 3rd period - Wrist shot by Tyler Bozak.
11:58 of 3rd period - Stopped by Jonathan Quick with a rebound.
12:00 of 3rd period - Snap shot by Tyler Bozak.
12:00 of 3rd period - Stopped by Jonathan Quick without a rebound.
12:01 of 3rd period - Anthony Cirelli wins face-off versus Matt Duchene in Blues zone.
12:01 of 3rd period - Anthony Cirelli is hit by Brayden Schenn.
12:36 of 3rd period - Wrist shot by Nazem Kadri.
12:36 of 3rd period - Shot Blocked by Adam Fox.
13:14 of 3rd period - Backhand shot by Erik Karlsson.
13:14 of 3rd period - Shot Misses the Net.
13:34 of 3rd period - Slapshot by Brayden Schenn.
13:34 of 3rd period - Deflect By Matt Duchene.
13:34 of 3rd period - Stopped by Jonathan Quick with a rebound.
13:50 of 3rd period - Snap shot by Vinnie Hinostroza.
13:50 of 3rd period - Stopped by Jonathan Quick with a rebound.
13:52 of 3rd period - Snap shot by Vinnie Hinostroza.
13:52 of 3rd period - Stopped by Jonathan Quick without a rebound.
13:53 of 3rd period - Jason Zucker wins face-off versus Dominik Simon in Blues zone.
13:54 of 3rd period - Snap shot by Justin Williams.
13:54 of 3rd period - Stopped by Jonathan Quick with a rebound.
13:56 of 3rd period - Snap shot by Nazem Kadri.
13:56 of 3rd period - Shot Misses the Net.
13:58 of 3rd period - Slapshot by Caleb Jones.
13:58 of 3rd period - Stopped by Jonathan Quick with a rebound.
14:00 of 3rd period - Slapshot by Caleb Jones.
14:00 of 3rd period - Shot Blocked by Jeremy Bracco.
14:02 of 3rd period - Wrist shot by Justin Williams.
14:02 of 3rd period - Stopped by Jonathan Quick without a rebound.
14:03 of 3rd period - Jason Zucker wins face-off versus Dominik Simon in Blues zone.
14:06 of 3rd period - Snap shot by Justin Williams.
14:06 of 3rd period - Shot Misses the Net.
14:28 of 3rd period - Wrist shot by Jason Zucker.
14:28 of 3rd period - Shot Misses the Net.
14:30 of 3rd period - Slapshot by Adam Pelech.
14:30 of 3rd period - Deflect By Nazem Kadri.
14:30 of 3rd period - Stopped by Jonathan Quick without a rebound.
14:31 of 3rd period - Kyle Connor wins face-off versus Anthony Cirelli in Blues zone.
14:42 of 3rd period - Cody Eakin is hit by Brayden Schenn.
15:32 of 3rd period - Minor Penalty to Justin Williams for Holding.
15:33 of 3rd period - Anthony Cirelli wins face-off versus Johan Larsson in Rangers zone.
16:03 of 3rd period - Wrist shot by Colin White.
16:03 of 3rd period - Shot Misses the Net.
16:07 of 3rd period - Wrist shot by Cody Eakin.
16:07 of 3rd period - Shot Blocked by Johan Larsson.
16:09 of 3rd period - Snap shot by David Schlemko.
16:09 of 3rd period - Stopped by Philipp Grubauer with a rebound.
16:11 of 3rd period - Wrist shot by Cody Eakin.
16:11 of 3rd period - Stopped by Philipp Grubauer with a rebound.
16:13 of 3rd period - Snap shot by Colin White.
16:13 of 3rd period - Stopped by Philipp Grubauer with a rebound.
16:15 of 3rd period - Snap shot by Colin White.
16:15 of 3rd period - Stopped by Philipp Grubauer without a rebound.
16:16 of 3rd period - Johan Larsson wins face-off versus Melker Karlsson in Rangers zone.
16:27 of 3rd period - Slapshot by Matt Benning.
16:27 of 3rd period - Stopped by Philipp Grubauer with a rebound.
17:01 of 3rd period - Pierre-Edouard Bellemare is hit by Cody Eakin and loses puck.
17:32 of 3rd period - Penalty to Justin Williams is over, Justin Williams is back on ice.
17:47 of 3rd period - Nazem Kadri is hit by Ryan Reaves and loses puck.
18:11 of 3rd period - Wrist shot by Curtis Lazar.
18:11 of 3rd period - Stopped by Philipp Grubauer with a rebound.
19:02 of 3rd period - Snap shot by Colin White.
19:02 of 3rd period - Stopped by Philipp Grubauer with a rebound.
19:33 of 3rd period - Off-side.
19:34 of 3rd period - Matt Martin wins face-off versus Justin Williams in neutral zone.
Goals for this period are 0 for Blues vs 0 for Rangers.
Shots for this period are 14 for Blues vs 15 for Rangers. Output by the SimonT Hockey Simulator (STHS) for Eric Tremblay - Original Page W3C HTML5 Valid
Hockey Simulator - Hockey Simulation - Hockey Manager